 Dungeon Crawl Stone Soup version 0.31.0-11-ge490571c62 (webtiles) character file.

Game seed: 8940140503163063671

239 qw the Ducker (level 5, 0/28 HPs)
             Began as a Spriggan Hunter on Feb 4, 2024.
             Slain by a kobold
             ... wielding a +0 short sword
              (3 damage)
             ... in a sewer.
             The game lasted 00:00:09 (2288 turns).

qw the Ducker (Spriggan Hunter)                     Turns: 2288, Time: 00:00:10

Health: 0/28       AC:  2    Str:  7    XL:     5   Next: 79%
Magic:  6/6        EV: 23    Int: 10    God:
Gold:   222        SH:  0    Dex: 27    Spells: 4/4 levels left

rFire   . . .        a - +0 shortbow
rCold   . . .        (shield currently unavailable)
rNeg    . . .        c - +0 robe
rPois   .            (helmet restricted)
rElec   .            (no cloak)
rCorr   .            (gloves unavailable)
SInv    +            (boots unavailable)
Will    .....        (no amulet)
Stlth   +++          f - +6 ring of dexterity
HPRegen 0.24/turn    (no ring)
MPRegen 0.10/turn

%: no passive effects
@: very quick
A: very small, no large weapons, unfitting armour, see invisible, speed 3
a: no special abilities


You were in a sewer.
You visited 1 branch of the dungeon, and saw 3 of its levels.
You also visited: Sewer.

You collected 222 gold pieces.


Innate Abilities, Weirdness & Mutations

You are very small and have problems with some larger weapons.
You are too small for most types of armour.
You have supernaturally acute eyesight. (SInv)
You cover ground extremely quickly. (Speed+++)


   Skills:
 - Level 2.8 Fighting
 + Level 5.0 Ranged Weapons
 - Level 6.0 Dodging
 - Level 1.5 Stealth


You had 4 spell levels left.
You didn't know any spells.
Your spell library was empty.

Inventory:

Hand Weapons
 a - a +0 shortbow (weapon)
Armour
 c - a +0 robe (worn)
Jewellery
 d - a ring of ice
 f - a +6 ring of dexterity (left hand)
Potions
 b - a potion of curing {unknown}
 e - a potion of haste {unknown}

Dungeon Overview and Level Annotations

Branches:
Dungeon (3/15)              Sewer (1/1)

Altars:
Okawaru
Uskayaw


Message History

The jackal bites you.
The kobold throws a stone.
The stone completely misses you.
The rat twitches its whiskers.
The jackal completely misses you. The kobold misses you.
Your Fighting skill increases to level 2!
You shoot an arrow. The arrow hits the jackal.
The jackal is moderately wounded.
The kobold throws a stone.
The stone barely misses you. The jackal completely misses you.
The kobold hits you with a +0 short sword.
You shoot an arrow. The arrow barely misses the jackal.
The jackal bites you but does no damage.
The jackal misses you. The kobold misses you.
You shoot an arrow. The arrow barely misses the jackal.
The jackal completely misses you. The kobold closely misses you.
The kobold completely misses you. The jackal closely misses you.
You shoot an arrow. The arrow barely misses the jackal.
The kobold misses you. The jackal completely misses you.
The kobold completely misses you.
You shoot an arrow. The arrow hits the jackal!
You kill the jackal!
The kobold completely misses you. x2; The kobold barely misses you.
You shoot an arrow. The arrow barely misses the adder.
The kobold misses you. The adder misses you.
The kobold completely misses you. x2
You shoot an arrow. The arrow closely misses the adder.
The adder misses you. The kobold hits you but does no damage.
The adder misses you. The kobold barely misses you.
You shoot an arrow. The arrow barely misses the adder.
The adder barely misses you. The kobold completely misses you.
The kobold hits you with a +0 short sword.
You shoot an arrow. The arrow hits the adder.
The adder is lightly wounded.
The adder closely misses you.
The kobold splashes around in the water.
The kobold closely misses you. The adder barely misses you.
You shoot an arrow. The arrow hits the adder.
The adder is lightly wounded.
The kobold completely misses you. The adder bites you.
The kobold hits you with a +0 short sword.
You die... #~~.# P## ....
PP#

##..~ #~##~# #... ~~.#~#
#.~
######P.#~####.######
##~~~....#~##.KSr~~~~#
#~~~~~.\.#~#.~@K######
##~~~.\.#~#~~~.~..~~#
#~~~~...#~#.~......P#
###~~~..P%P~...%~.PP#~##
##~~...P~~..#~.PPP~~.#
###...P~.####PPP.#..#
######## ######


You could see an adder, 2 kobolds and a rat.

Vanquished Creatures
  A kobold brigand (Sewer)
  An orc wizard (D:3)
  4 gnolls (D:3)
  2 adders
  A river rat (Sewer)
  2 dart slugs
  A ribbon worm (D:2)
  3 orcs (D:2)
  6 ball pythons
  6 endoplasms
  2 giant cockroaches
  8 hobgoblins
  9 jackals
  3 kobolds (D:1)
  2 quokkas (D:1)
  6 bats
  6 frilled lizards
  5 goblins
  4 rats
72 creatures vanquished.

Notes
Turn   | Place    | Note
-------+----------+-------------------------------------------
     0 | D:1      | qw the Spriggan Hunter began the quest for the Orb.
     0 | D:1      | Reached XP level 1. HP: 10/10 MP: 2/2
     0 | D:1      | 0 ||| qw: Version: 0.3-a-160-g6735b56
     0 | D:1      | 0 ||| qw: Game counter: 5678
     0 | D:1      | 0 ||| qw: Melee chars always use a shield: true
     0 | D:1      | 0 ||| qw: God list: Okawaru
     0 | D:1      | 0 ||| qw: Allow faded altars: false
     0 | D:1      | 0 ||| qw: Do Orc after clearing Dungeon:15 true
     0 | D:1      | 0 ||| qw: Do second Lair branch before Depths: true
     0 | D:1      | 0 ||| qw: Lair rune preference: random
     0 | D:1      | 0 ||| qw: Goals: Normal
     0 | D:1      | 0 ||| PLANNING D:1-11
    64 | D:1      | Reached skill level 3 in Dodging
    99 | D:1      | Reached XP level 2. HP: 14/14 MP: 3/3
   105 | D:1      | Reached skill level 4 in Dodging
   494 | D:1      | Reached XP level 3. HP: 18/18 MP: 4/4
   877 | D:1      | 877 ||| UPGRADING to +6 ring of dexterity.
   878 | D:1      | 878 ||| READING 2 scrolls labelled QIORHI CUGG.
   878 | D:1      | 878 ||| IDENTIFYING clear potion
   879 | D:1      | 879 ||| READING scroll of identify.
   879 | D:1      | 879 ||| IDENTIFYING dark potion
   880 | D:1      | 880 ||| READING scroll labelled LACWIX TATRIYH.
   881 | D:1      | 881 ||| DROPPING scroll of butterflies.
   882 | D:1      | 882 ||| DROPPING potion of ambrosia.
   883 | D:1      | 883 ||| DROPPING potion of attraction.
   910 | D:2      | 910 ||| STAIRDANCE
  1052 | D:2      | Identified the +0 mace of the Chain {venom, rF+ Str+2}
  1273 | D:2      | Reached XP level 4. HP: 22/22 MP: 5/5
  1568 | D:2      | 1568 ||| READING 2 scrolls labelled HUSUVVOGRE.
  1669 | D:2      | 1669 ||| DROPPING scroll of silence.
  1679 | D:3      | Found a faded altar of an unknown god.
  1680 | D:3      | 1680 ||| PLANNING SEWER
  1680 | D:3      | 1680 ||| STAIRDANCE
  1684 | D:3      | 1684 ||| STAIRDANCE
  1688 | D:3      | 1688 ||| STAIRDANCE
  1692 | D:3      | 1692 ||| STAIRDANCE
  1696 | D:3      | 1696 ||| STAIRDANCE
  1700 | D:3      | 1700 ||| STAIRDANCE
  1707 | D:3      | Reached skill level 5 in Dodging
  1709 | D:3      | 1709 ||| STAIRDANCE
  1717 | D:3      | 1717 ||| STAIRDANCE
  1776 | D:3      | 1776 ||| STAIRDANCE
  1817 | D:3      | 1817 ||| DRINKING sedimented pink potion.
  1818 | D:3      | 1818 ||| DRINKING fuming golden potion.
  2076 | D:3      | Reached XP level 5. HP: 25/25 MP: 6/6
  2161 | D:3      | Found an iron altar of Okawaru.
  2164 | D:3      | Found a hide-covered altar of Uskayaw.
  2227 | D:3      | Reached skill level 6 in Dodging
  2234 | D:3      | Found a glowing drain.
  2238 | Sewer    | Entered a sewer
  2276 | Sewer    | HP: 6/26 [poisoned by a kobold brigand]
  2286 | Sewer    | HP: 3/28 [kobold/+0 short sword (1)]
  2288 | Sewer    | Slain by a kobold

Levels and vault maps discovered:
D:1:      shiori_arrival_elements, layout_basic
D:2:      layout_loops_ring
D:3:      layout_loops_ring, grunt_temple_overflow_open, marbit_many_paths,
          nicolae_ecumenical_pavilion,
          mainiacjoe_sewer_entry_somewhere_in_here_2, minmay_crystal_room,
          uniq_grinder
Sewer:    sewer_co_scattered_pipes

Skill      XL: |  1  2  3  4  5 |
---------------+----------------+-----
Dodging        | 3 4 5 6 |  6.0
Ranged Weapons | 5 |  5.0
Fighting       | 2 |  2.8
Stealth        | |  1.5

Action                     |  1- 3 |  4- 6 || total
---------------------------+-------+-------++-------
   Fire: Shortbow          |   109 |    88 ||   197
    Use: Scroll            |     3 |     1 ||     4
         Potion            |       |     2 ||     2
 Armour: Robe              |     5 |    17 ||    22
         Skin              |       |     4 ||     4
  Dodge: Dodged            |    26 |    77 ||   103

Table legend:
 A = Non-vault XP
 B = Vault XP
 C = Vault XP percentage of total XP
 D = Non-vault monster count
 E = Vault monster count
 F = Vault count percentage of total count
                 A         B        C        D         E       F
            +---------+---------+-------+---------+---------+-------
      Total |     219 |     123 |  36.0 |      62 |      10 |  13.9
            +---------+---------+-------+---------+---------+-------
        D:1 |      54 |       0 |   0.0 |      30 |       0 |   0.0
        D:2 |      52 |       0 |   0.0 |      19 |       0 |   0.0
        D:3 |     113 |       7 |   5.8 |      13 |       6 |  31.6
      Sewer |       0 |     116 | 100.0 |       0 |       4 | 100.0
            +---------+---------+-------+---------+---------+-------
